 Dungeon Crawl Stone Soup version 0.27.1-33-g824d729ab1 (webtiles) character file.

Game seed: 12471734543767442460

130 pkoi the Ruffian (level 4, -1/36 HPs)
             Began as a Draconian Warper on Dec 19, 2021.
             Slain by an ogre (8 damage)
             ... on level 3 of the Dungeon.
             The game lasted 00:02:49 (3819 turns).

pkoi the Ruffian (Draconian Warper)                 Turns: 3819, Time: 00:02:49

Health: -1/36      AC:  5    Str: 13    XL:     4   Next: 90%
Magic:  16/16      EV: 12    Int: 14    God:
Gold:   58         SH:  0    Dex: 11    Spells: 2/7 levels left

rFire    + . .     SeeInvis .     - Unarmed
rCold    + . .     Faith    .   (no shield)
rNeg     . . .     Spirit   .   (armour unavailable)
rPois    .         Reflect  .   (helmet restricted)
rElec    .         Harm     .   i - scarf {rC+ rF+}
rCorr    .         Rampage  .   (no gloves)
Will     .....                  (no boots)
Stlth    +.........             (no amulet)
HPRegen  0.12/turn              f - ring of magical power
MPRegen  0.15/turn              (no ring)

@: mighty
A: AC +5, unfitting armour, cold-blooded
a: no special abilities


You were on level 3 of the Dungeon.
You visited 1 branch of the dungeon, and saw 3 of its levels.

You collected 58 gold pieces.

Inventory:

Missiles
 b - 5 boomerangs of dispersal (quivered)
 g - 3 boomerangs
Armour
 c - a +0 cloak
 i - a scarf of resistance (worn)
Jewellery
 f - a ring of magical power (left hand)
Scrolls
 a - 2 scrolls of blinking
 d - a scroll of enchant weapon {unknown}
 h - 2 scrolls of identify
 j - a scroll of amnesia {unknown}
Potions
 e - a potion of haste


   Skills:
 - Level 2.1 Fighting
 - Level 0.8 Throwing
 - Level 2.1 Dodging
 + Level 5.2 Unarmed Combat
 - Level 2.0 Spellcasting
 - Level 3.0 Translocations


You had 2 spell levels left.
You knew the following spells:

 Your Spells              Type           Power      Damage    Failure   Level
a - Blink                 Tloc           N/A        N/A       11%         2
b - Gell's Gravitas       Tloc           4%         N/A       21%         3

Your spell library contained the following spells:

 Spells                   Type           Power      Damage    Failure   Level
 Animate Skeleton         Necr           2%         N/A       24%         1
 Pain                     Necr           4%         1d4       24%         1
 Lesser Beckoning         Tloc           4%         N/A       21%         3
 Teleport Other           Tloc           9%         N/A       21%         3
 Vampiric Draining        Necr           0%         2d6       56%         3
 Manifold Assault         Tloc           9%         N/A       88%         5


Dungeon Overview and Level Annotations

Branches:
Dungeon (3/15)

Altars:

Shops:
D:1 =


Innate Abilities, Weirdness & Mutations

Your plain brown scales are hard. (AC +5)
You cannot fit into any form of body armour.
You are cold-blooded and may be slowed by cold attacks.


Message History

An ogre is nearby!
An ogre is nearby!
An ogre is nearby!
Found a robe and 33 stones.
The ogre shouts!
Found 22 stones.
The ogre hits you with a +0 giant club!
There is an open door here.
You are too injured to fight recklessly!
You are too injured to fight recklessly!
You are too injured to fight recklessly!
You are too injured to fight recklessly!
You are too injured to fight recklessly!
You are too injured to fight recklessly!
You are too injured to fight recklessly!
You are too injured to fight recklessly!
You are too injured to fight recklessly!
You are too injured to fight recklessly!
You are too injured to fight recklessly!
You hit the ogre but do no damage.
The ogre hits you with a +0 giant club!!
Ouch! That really hurt!
* * * LOW HITPOINT WARNING * * *
You hit the ogre. You punch the ogre.
The ogre is moderately wounded.
You hit the ogre.
The ogre is moderately wounded.
The ogre closely misses you.
You hit the ogre but do no damage. You tail-slap the ogre.
The ogre is heavily wounded.
The ogre closely misses you.
You see here a red potion.
k - a red potion You see here a hobgoblin corpse.
It was a potion of might.
You feel very mighty all of a sudden. The ogre closely misses you.
You barely miss the ogre.
The ogre is heavily wounded.
The ogre hits you with a +0 giant club!
You die...

#.# #.# #[#
#.# #S# ##
#g# ### ####
.# #.#
+..##..#####
.# #g#
#......(...#
.# #.#
#.....O@)..#
.###.#
####'####'##
.....#
#($..#....#
.###.#
#..([#....#
.....#
########..##
.###.#
#..##..#..#
.....#
+......'..#
.###.#
##8..8##..##
.# #.#
###..##....#


You could see an ogre.

Vanquished Creatures
  Natasha (twice) (D:3 D:2)
  An adder (D:3)
  A gnoll (D:2)
  A worm (D:3)
  4 dart slugs
  5 ball pythons
  3 endoplasms
  A giant cockroach (D:3)
  5 goblins
  6 hobgoblins
  3 quokkas
  3 bats
  2 frilled lizards (D:1)
  10 kobolds
  2 rats
49 creatures vanquished.

Notes
Turn   | Place    | Note
-------+----------+-------------------------------------------
     0 | D:1      | pkoi the Draconian Warper began the quest for the Orb.
     0 | D:1      | Reached XP level 1. HP: 17/17 MP: 3/3
    50 | D:1      | Found a faded altar of an unknown god.
   300 | D:1      | Reached XP level 2. HP: 24/24 MP: 5/5
   327 | D:1      | Reached skill level 3 in Unarmed Combat
  1193 | D:1      | Reached XP level 3. HP: 23/29 MP: 6/6
  1262 | D:1      | Found Qischal's Jewellery Shoppe.
  1363 | D:2      | Learned a level 2 spell: Blink
  1367 | D:2      | Learned a level 3 spell: Gell's Gravitas
  2452 | D:2      | Reached skill level 4 in Unarmed Combat
  2779 | D:3      | Noticed Natasha
  2790 | D:3      | Killed Natasha
  2791 | D:3      | Reached XP level 4. HP: 7/36 MP: 7/7
  3233 | D:3      | Noticed Natasha
  3313 | D:2      | Killed Natasha
  3314 | D:2      | Reached skill level 5 in Unarmed Combat
  3807 | D:3      | Noticed an ogre
  3819 | D:3      | Slain by an ogre

Illustrated notes

Levels and vault maps discovered:
D:1:      shiori_arrival_elements, layout_rooms, serial_shops,
          nicolae_shop_temple_entry_statues_fountains,
          shapermc_ecumenical_altar_mp_ritualfount,
          chequers_hall_statues_wall_a, minmay_cut_off
D:2:      layout_loops_corners
D:3:      minmay_chambers_of_twos, layout_loops_ring, zin_treasury, uniq_natasha

Skill      XL: |  1  2  3  4 |
---------------+-------------+-----
Unarmed Combat | 3 4 5 |  5.2
Fighting       | |  2.1
Throwing       | |  0.8
Dodging        | |  2.1
Spellcasting   | |  2.0
Translocations | |  3.0

Action                   |  1- 3 |  4- 6 || total
-------------------------+-------+-------++-------
Melee: Unarmed           |   126 |    50 ||   176
       Tailslap          |    13 |     4 ||    17
       Punch             |       |     1 ||     1
  Use: Scroll            |     4 |       ||     4
       Potion            |     1 |     2 ||     3
 Stab: Distracted        |     1 |       ||     1
Armor: Skin              |    32 |    17 ||    49
Dodge: Dodged            |    61 |    34 ||    95
